 Dungeon Crawl Stone Soup version 0.14.0-24-gfb45beb (webtiles) character file.

147 HungrySpirit the Sneak (level 4, -1/26 HPs)
             Began as a Kobold Assassin on Apr 21, 2014.
             Killed by divine providence
             ... invoked by an orc priest
              (11 damage)
             ... on Level 3 of the Dungeon.
             The game lasted 00:04:28 (3119 turns).

HungrySpirit the Sneak (Kobold Assassin)            Turns: 3119, Time: 00:04:29

HP  -1/26        AC  3     Str 15      XL: 4   Next: 61%
MP   4/4         EV 15     Int  9      God:
Gold 69          SH  0     Dex 17      Spells:  0 memorised,  3 levels left

rFire  + . .     SeeInvis .     a - +2 dagger
rCold  + . .     Clarity  .     c - +0 robe
rNeg   . . .     Conserve .     (no shield)
rPois  .         rCorr    .     (no helmet)
rElec  .         rRot     .     d - +0 cloak
SustAb . .       Spirit   .     (no gloves)
rMut   .         Warding  .     (no boots)
Saprov + + .     Stasis   .     (no amulet)
MR     .....                    q - ring of protection from cold {unknown}
                                n - ring of protection from fire

@: mighty, not resistant to hostile enchantments, very stealthy
A: disease resistance, carnivore 3, saprovore 2
a: no special abilities


You were on level 3 of the Dungeon.
You were very full.

You visited 1 branch of the dungeon, and saw 3 of its levels.

You collected 69 gold pieces.

Inventory:

Hand weapons
 a - a +2,+2 dagger (weapon)
 b - a +0 blowgun
Missiles
 e - 23 poisoned needles
 f - 2 curare-tipped needles
Armour
 c - a +0 robe (worn)
 d - a +0 cloak (worn)
Comestibles
 g - 2 meat rations
Scrolls
 i - 4 scrolls of identify {unknown}
 k - a scroll of teleportation {unknown}
 m - a scroll of recharging {unknown}
 o - 3 scrolls of remove curse {unknown}
 u - a scroll of random uselessness {unknown}
Jewellery
 n - a ring of protection from fire (left hand)
 p - an uncursed ring of poison resistance {unknown}
 q - a ring of protection from cold (right hand) {unknown}
 r - a cursed ring of hunger {unknown}
Potions
 h - 2 potions of haste {unknown}
 j - a potion of might
 l - a potion of cure mutation {unknown}
 s - a potion of mutation {unknown}
 t - a potion of flight {unknown}


   Skills:
 - Level 2.1 Fighting
 * Level 4.9 Short Blades
 - Level 2.6 Throwing
 + Level 2.0 Dodging
 + Level 6.0 Stealth


You had 3 spell levels left.
You didn't know any spells.

Dungeon Overview and Level Annotations

Branches:
Dungeon (3/15)

Altars:

Annotations:
D:2 Sigmund


Innate Abilities, Weirdness & Mutations

You recuperate from illness quickly.
You are small and have problems with some larger weapons.
You are carnivorous and can eat meat at any time.
You can eat rotten meat.


Message History

The orc priest invokes the aid of Beogh against you.
You barely resist.
You hit the orc priest but do no damage.
The orc priest is lightly wounded.
The orc hits you with a short sword!
You closely miss the orc priest.
The orc priest is lightly wounded.
The orc priest closely misses you.
You closely miss the orc priest.
The orc priest is lightly wounded.
The orc barely misses you. The orc priest closely misses you.
You closely miss the orc priest.
The orc priest is lightly wounded.
The orc barely misses you.
Drink which item? (? for menu, Esc to quit)
You feel very mighty all of a sudden.
It was a potion of might.
The orc priest calls down the wrath of Beogh upon you.
Something smites you!
You die...

#...## # ###.###### #
#.....o..# ####+#########
##..>.....# #...........#.
<............###
#...........#.
...#...........#
#)............ ..
##........#)#
#.>..........#
#........#o###.........%.##
#.......%#@o##..........%##
###########..'...........##
####...........##
##############


You could see an orc priest and an orc.

Vanquished Creatures
  3 adders
  A worm (D:2)
  3 giant geckos
  An ooze (D:2)
  2 orcs (D:3)
  10 bats
  3 giant cockroaches
  5 goblins
  4 hobgoblins
  A giant newt (D:2)
  3 kobolds
  2 quokkas (D:2)
  4 rats
42 creatures vanquished.

Notes
Turn   | Place    | Note
--------------------------------------------------------------
     0 | D:1      | HungrySpirit, the Kobold Assassin, began the quest for the Orb.
     0 | D:1      | Reached XP level 1. HP: 12/12 MP: 1/1
    96 | D:1      | Reached XP level 2. HP: 11/17 MP: 2/2
  1062 | D:2      | Reached XP level 3. HP: 12/21 MP: 3/3
  1390 | D:2      | Noticed Sigmund
  2261 | D:2      | Reached XP level 4. HP: 14/26 MP: 4/4
  2738 | D:3      | Reached skill level 6 in Stealth
  3119 | D:3      | Killed from afar by an orc priest

Action                   |  1- 3 |  4- 6 || total
-------------------------+-------+-------++-------
Melee: Dagger            |   130 |    71 ||   201
  Use: Potion            |     2 |     2 ||     4
 Stab: Sleeping          |     5 |     3 ||     8
